 Dungeon Crawl Stone Soup version 0.28-a0-925-gd5e1996cdb (webtiles) character file.

Game seed: 16090069477320875172

54 Sabo the Shield-Bearer (level 4, -7/37 HPs)
             Began as a Formicid Fighter on Nov 26, 2021.
             Mangled by sirJeffrey23's ghost (9 damage)
             ... on level 3 of the Dungeon.
             The game lasted 00:09:58 (1804 turns).

Sabo the Shield-Bearer (Formicid Fighter)           Turns: 1804, Time: 00:09:58

Health: -7/37      AC:  6    Str: 21    XL:     4   Next: 12%
Magic:  4/4        EV: 15    Int:  8    God:
Gold:   48         SH:  5    Dex: 16    Spells: 3/3 levels left

rFire   . . .      SeeInvis +   a - +0 war axe
rCold   . . .      Faith    .   c - +0 buckler
rNeg    . . .      Spirit   .   t - +3 leather armour
rPois   .          Reflect  .   (helmet unavailable)
rElec   .          Harm     .   (no cloak)
rCorr   .          Rampage  .   (no gloves)
Will    .....                   (no boots)
Stlth   +.........              (no amulet)
HPRegen 0.12/turn               l - +6 ring of dexterity
MPRegen 0.09/turn               n - +4 ring of evasion

@: no status effects
A: permanent stasis, dig shafts and tunnels, antennae 3, four strong arms
a: Dig, Shaft Self


You were on level 3 of the Dungeon.
You visited 1 branch of the dungeon, and saw 3 of its levels.

You collected 48 gold pieces.

Inventory:

Hand Weapons
 a - a +0 war axe (weapon)
Missiles
 g - 22 sling bullets
 j - 6 boomerangs (quivered)
 m - 13 bolts
 q - a throwing net
Armour
 c - a +0 buckler (worn)
 t - a +3 leather armour (worn)
Jewellery
 l - a +6 ring of dexterity (left hand)
 n - a +4 ring of evasion (right hand)
Scrolls
 i - a scroll of torment {unknown}
 o - a scroll of enchant armour {unknown}
 p - a scroll of teleportation {unknown}
 r - a scroll of noise {unknown}
Potions
 d - a potion of might
 e - a potion of berserk rage {unknown}
 f - 2 potions of ambrosia {unknown}
 h - 2 potions of curing {unknown}
 k - a potion of lignification {unknown}
 s - a potion of cancellation {unknown}


   Skills:
 + Level 3.7 Fighting
 + Level 2.6 Axes
 + Level 3.9 Armour
 + Level 0.5 Stealth
 + Level 4.1 Shields


You had 3 spell levels left.
You didn't know any spells.
Your spell library contained the following spells:

 Spells                   Type           Power      Damage    Failure   Level
 Dazzling Flash           Conj/Hex       0%         N/A       83%         3
 Gell's Gravitas          Tloc           0%         N/A       83%         3
 Lesser Beckoning         Tloc           0%         N/A       83%         3
 Teleport Other           Tloc           0%         N/A       83%         3
 Iskenderun's Mystic Bla  Conj/Tloc      0%         2d3       99%         4
 Starburst                Conj/Fire      0%         6d3       100%        6


Dungeon Overview and Level Annotations

Branches:
Dungeon (3/15)

Altars:

Shops:
D:1 :

Annotations:
D:3 sirJeffrey23's ghost, amateur DsGl


Innate Abilities, Weirdness & Mutations

You cannot be hasted, slowed, berserked, paralysed or teleported.
You can dig through walls and to a lower floor.
You have a pair of large antennae on your head. (SInv)
Your four strong arms can wield two-handed weapons with a shield.


Message History

SirJeffrey23's ghost misses you.
You hit sirJeffrey23's ghost.
SirJeffrey23's ghost is severely damaged.
SirJeffrey23's ghost hits you!
* * * LOW HITPOINT WARNING * * *
You hit sirJeffrey23's ghost.
SirJeffrey23's ghost is severely damaged.
SirJeffrey23's ghost hits you!
* * * LOW HITPOINT WARNING * * *
You hit sirJeffrey23's ghost but do no damage.
SirJeffrey23's ghost is severely damaged.
You block sirJeffrey23's ghost's attack.
SirJeffrey23's ghost misses you.
You hit sirJeffrey23's ghost but do no damage.
SirJeffrey23's ghost is severely damaged.
SirJeffrey23's ghost closely misses you.
You hit sirJeffrey23's ghost.
SirJeffrey23's ghost is almost destroyed.
SirJeffrey23's ghost closely misses you.
You hit sirJeffrey23's ghost but do no damage.
SirJeffrey23's ghost is almost destroyed.
SirJeffrey23's ghost barely misses you. x2
You closely miss sirJeffrey23's ghost.
SirJeffrey23's ghost is almost destroyed.
SirJeffrey23's ghost hits you but does no damage.
You barely miss sirJeffrey23's ghost.
SirJeffrey23's ghost is almost destroyed.
SirJeffrey23's ghost says, "It's not the size of the blade that matters, it's how you use it."
SirJeffrey23's ghost closely misses you.
SirJeffrey23's ghost hits you but does no damage.
You hit sirJeffrey23's ghost but do no damage.
SirJeffrey23's ghost is almost destroyed.
SirJeffrey23's ghost hits you but does no damage.
You miss sirJeffrey23's ghost.
SirJeffrey23's ghost is almost destroyed.
You block sirJeffrey23's ghost's attack.
You closely miss sirJeffrey23's ghost.
SirJeffrey23's ghost is almost destroyed.
SirJeffrey23's ghost hits you!
You die...

##.## #.#..........># #.# #...#
#.#.##.######## #.# #...#
#.#.##.# ####.## #...# .......#
#.....# #...# .##.#.##### #.##..#
#...##### .......######.#...#
##.......#######..##......#.#.#.#
.........#.....#..##......#.#.#.#
.........#!≈≈≈≈W@.........#.....#
.........#.....#..##.....†###.###
##.......#######.....†..†.......#
#...##### .....#######.###.#.#
#...# ..#### #.# #.#.# #...#####
#... #.# ..# # #<......# ### #.#
.## #.#####.# ######.##.##.# ..#
#............#


You could see sirJeffrey23's ghost.

Vanquished Creatures
  3 dart slugs
  5 orcs (D:3)
  4 ball pythons
  3 endoplasms
  2 giant cockroaches
  2 goblins
  3 hobgoblins
  3 jackals (D:1)
  6 quokkas
  A frilled lizard (D:2)
  A kobold (D:1)
  4 rats
37 creatures vanquished.

Notes
Turn   | Place    | Note
-------+----------+-------------------------------------------
     0 | D:1      | Sabo the Formicid Fighter began the quest for the Orb.
     0 | D:1      | Reached XP level 1. HP: 18/18 MP: 1/1
   223 | D:1      | Reached XP level 2. HP: 21/24 MP: 2/2
   286 | D:1      | Found Kachourihi's Book Boutique.
   581 | D:1      | Reached skill level 4 in Shields
   581 | D:1      | Reached XP level 3. HP: 29/29 MP: 3/3
  1718 | D:3      | Reached XP level 4. HP: 33/37 MP: 4/4
  1738 | D:3      | Found a runed translucent door.
  1770 | D:3      | Noticed sirJeffrey23's ghost (amateur DsGl)
  1795 | D:3      | HP: 1/37 [sirJeffrey23's ghost (8)]
  1804 | D:3      | Mangled by sirJeffrey23's ghost

Illustrated notes

Levels and vault maps discovered:
D:1:      minmay_arrival_wavy_path, layout_basic, serial_shops, shop
D:2:      layout_basic, minmay_pentomino_w2
D:3:      layout_loops_cross, ebering_ghost_reflecting_pool

Skill      XL: |  1  2 |
---------------+-------+-----
Shields        | 4 |  4.1
Fighting       | |  3.7
Axes           | |  2.6
Armour         | |  3.9
Stealth        | |  0.5

Action                   |  1- 3 |  4- 6 || total
-------------------------+-------+-------++-------
Melee: War axe           |    82 |    40 ||   122
Throw: Boomerang         |     1 |     2 ||     3
 Abil: Dig               |     5 |       ||     5
Armor: Scale mail        |    28 |       ||    28
       Leather armour    |     2 |     7 ||     9
Dodge: Dodged            |    55 |    23 ||    78
Block: Buckler           |    16 |    12 ||    28

Table legend: (Time is in decaauts)
 A = Elapsed time spent in this place.
 B = Non-inter-level travel time spent in this place.
 C = Inter-level travel time spent in this place.
 D = Time resting spent in this place.
 E = Time spent auto-exploring this place.
 F = Levels seen in this place.
 G = Mean time per level.
                   A        B        C        D        E       F      G
               +--------+--------+--------+--------+--------+-----+--------+
         Total |   1851 |   1851 |      0 |    212 |      0 |   3 |  617.0 |
       Dungeon |   1851 |   1851 |      0 |    212 |      0 |   3 |  617.0 |
               +--------+--------+--------+--------+--------+-----+--------+

Top non-repeatable levels by time:
     D:2: 844 daAuts
     D:1: 724 daAuts
     D:3: 282 daAuts
